 Dungeon Sprint DCSS version 0.30-a0-1160-g6e42c06551 (webtiles) character file.

Game seed: 17774920662701441619

376 sircluck the Cleaver (level 6, -2/66 HPs)
             Began as a Hill Orc Berserker on Apr 25, 2023.
             Was a High Priest of Trog.
             Slain by a shadow wraith (17 damage)
             ... in the Dungeon (Sprint VII: "The Pits").
             The game lasted 00:02:32 (604 turns).

sircluck the Cleaver (Hill Orc Berserker)            Turns: 604, Time: 00:02:33

Health: -2/66      AC: 12    Str: 22    XL:     6   Next: 73%
Magic:  6/6        EV: 10    Int:  7    God:    Trog [*****.]
Gold:   0          SH:  0    Dex: 10    Spells: 5/5 levels left

rFire   . . .        b - +4 battleaxe
rCold   . . .        (shield currently unavailable)
rNeg    . . .        a - +3 chain mail
rPois   .            (no helmet)
rElec   .            (no cloak)
rCorr   .            (no gloves)
SInv    .            (no boots)
Will    .....        (no amulet) Stlth
                     (no ring)
HPRegen 0.31/turn    (no ring)
MPRegen 0.10/turn

%: no teleportation
@: slowed, very slow
A: no striking features
a: Renounce Religion, Berserk, Trog's Hand, Brothers in Arms


You were in the Dungeon.
You worshipped Trog.
Trog was extremely pleased with you.
You visited 1 branch

Inventory:

Hand Weapons
 b - a +4 battleaxe (weapon)
 l - a +1 heavy hand axe
Missiles
 k - 10 stones (quivered)
Armour
 a - a +3 chain mail (worn)
Scrolls
 h - a scroll of blinking
 j - a scroll of summoning
Potions
 c - 6 potions of curing
 d - 6 potions of heal wounds
 e - a potion of haste
 f - 4 potions of magic
 g - 3 potions of berserk rage
 i - 2 potions of invisibility


   Skills:
 + Level 9.9 Fighting
 + Level 12.5 Axes
 + Level 5.0 Armour
 + Level 5.0 Dodging


You had 5 spell levels left.
You didn't know any spells.
Your spell library was empty.

Dungeon Overview and Level Annotations

Branches:
Dungeon (1/1)

Altars:
Cheibriados
Dithmenos
Elyvilon
Fedhas
Gozag
Hepliaklqana
Makhleb
Nemelex Xobeh
Okawaru
Qazlal
Ru
Sif Muna
Trog
Wu Jian
Xom
Yredelemnul
Zin
The Shining One
Jiyva


Message History

There is an open door, spattered with blood here.
Items here: ))) [[.
b - a +4 battleaxe
b - a +4 battleaxe (weapon)
Things that are here:
a +0 spear; a +0 robe An adder comes into view.
The adder hisses angrily.
You hit the adder.
The adder is lightly wounded.
The adder closely misses you.
You slice the adder!!
You kill the adder!
Trog accepts your kill.
You start resting.
HP restored.
You open the door.
An endoplasm comes into view.
You hit the endoplasm but do no damage. The endoplasm misses you.
You slice the endoplasm!!
You kill the endoplasm!
Trog accepts your kill.
Your Armour skill increases to level 5!
There is an open door here.
You open the door.
You hear a chilling moan.
Deactivating autopickup; reactivate with Ctrl-A.
You slice something!! Something hits you! Something drains your vigour!
You feel yourself slow down.
You completely miss something.
Something hits you but does no damage. x2
You barely miss something. Something hits you but does no damage.
You slice something!! Something hits you!! Something drains your vigour!
You feel as though you will be slow longer.
Something hits you! Something drains your vigour!
You feel as though you will be slow longer.
You completely miss something. Something hits you!
* * * LOW HITPOINT WARNING * * *
You hit something but do no damage. Something hits you but does no damage.
Something hits you!
You die...

#†#........##.......#
#[###########.......#
#.)..)..# #########
#)###...# #.#.....#
#.#...#.#+#
#.....#.#.+
#...###.#{#
#.......'@#
###########


There were no monsters in sight!

Vanquished Creatures
  A centaur (D)
  A bullfrog (D)
  4 wights (D)
  An adder (D)
  An ufetubus (D)
  2 orcs (D)
  A ball python (D)
  An endoplasm (D)
  A giant cockroach (D)
  2 goblins (D)
  A hobgoblin (D)
  2 jackals (D)
  A ball python zombie (D)
  A bat (D)
  A quokka zombie (D)
21 creatures vanquished.

Notes
Turn   | Place    | Note
-------+----------+-------------------------------------------
     0 | D        | sircluck the Hill Orc Berserker began the quest for the
                  | Orb.
     0 | D        | Reached XP level 1. HP: 19/19 MP: 1/1
    47 | D        | Found a bloodstained altar of Trog.
    47 | D        | Found a shimmering blue altar of Sif Muna.
    47 | D        | Found a viscous altar of Jiyva.
    47 | D        | Found a hazy altar of Hepliaklqana.
    47 | D        | Found an opulent altar of Gozag.
    48 | D        | Found a glowing golden altar of the Shining One.
    48 | D        | Found a glowing silver altar of Zin.
    48 | D        | Found a basalt altar of Yredelemnul.
    48 | D        | Found a shimmering altar of Xom.
    48 | D        | Found an ornate altar of the Wu Jian Council.
    48 | D        | Found a sacrificial altar of Ru.
    48 | D        | Found a stormy altar of Qazlal.
    48 | D        | Found an iron altar of Okawaru.
    48 | D        | Found a sparkling altar of Nemelex Xobeh.
    48 | D        | Found a burning altar of Makhleb.
    48 | D        | Found a blossoming altar of Fedhas.
    48 | D        | Found a white marble altar of Elyvilon.
    48 | D        | Found a shadowy altar of Dithmenos.
    48 | D        | Found a snail-covered altar of Cheibriados.
    61 | D        | Reached ** piety under Trog
    62 | D        | Reached skill level 5 in Axes
   127 | D        | Reached XP level 2. HP: 19/28 MP: 2/2
   144 | D        | HP: 1/28 [jackal (3)]
   147 | D        | Reached *** piety under Trog
   287 | D        | Noticed a bullfrog
   298 | D        | Killed a bullfrog
   299 | D        | Reached skill level 8 in Axes
   299 | D        | Reached XP level 3. HP: 15/38 MP: 3/3
   299 | D        | Reached XP level 4. HP: 18/45 MP: 4/4
   300 | D        | Reached **** piety under Trog
   441 | D        | Noticed a centaur
   453 | D        | Killed a centaur
   454 | D        | Reached skill level 10 in Axes
   454 | D        | Reached XP level 5. HP: 53/53 MP: 5/5
   458 | D        | Reached skill level 11 in Axes
   458 | D        | Reached XP level 6. HP: 63/63 MP: 6/6
   461 | D        | Reached ***** piety under Trog
   472 | D        | Reached skill level 12 in Axes
   472 | D        | Reached skill level 5 in Dodging
   596 | D        | Reached skill level 5 in Armour
   604 | D        | Slain by a shadow wraith

Illustrated notes

Levels and vault maps discovered:
D:        pitsprint [storerooms_1, entrance_room_1, metal_vault_8, armoury_2,
          mini_pit_1, grid_room_1, main_hall_1, silver_pit, the_coven_1,
          the_vestibule_1, steel_vault_2, golden_pit, hallway_of_sentries,
          crystal_vault_2, iron_vault_1, final_vault]

Skill      XL: |  1  2  3  4  5  6 |
---------------+-------------------+-----
Fighting       | 4 6 7 9 |  9.9
Axes           | 5 8 10 11 12 | 12.5
Dodging        | 3 4 5 |  5.0
Armour         | 3 4 5 |  5.0

Action                     |  1- 3 |  4- 6 || total
---------------------------+-------+-------++-------
  Melee: Hand axe          |    48 |    19 ||    67
         Battleaxe         |       |    10 ||    10
 Invoke: Berserk           |     1 |     1 ||     2
 Armour: Animal skin       |     9 |       ||     9
         Chain mail        |       |    17 ||    17
  Dodge: Dodged            |    36 |    16 ||    52

Table legend: (Time is in decaauts)
 A = Elapsed time spent in this place.
 B = Non-inter-level travel time spent in this place.
 C = Inter-level travel time spent in this place.
 D = Time resting spent in this place.
 E = Time spent auto-exploring this place.
 F = Levels seen in this place.
 G = Mean time per level.
                   A        B        C        D        E       F      G
               +--------+--------+--------+--------+--------+-----+--------+
         Total |    627 |    616 |     11 |    324 |     74 |   1 |  627.0 |
       Dungeon |    627 |    616 |     11 |    324 |     74 |   1 |  627.0 |
               +--------+--------+--------+--------+--------+-----+--------+

Top non-repeatable levels by time:
       D: 627 daAuts
